 Dungeon Crawl Stone Soup version 0.27.0-1-g7a089689b8 (webtiles) character file.

Game seed: 6673253277776302699

2822 Spaninq the Cruncher (level 10, -13/77 HPs)
             Began as a Formicid Gladiator on Aug 14, 2021.
             Was a High Priest of Cheibriados.
             Mangled by a two-headed ogre (23 damage)
             ... on level 8 of the Dungeon.
             The game lasted 00:19:34 (10353 turns).

Spaninq the Cruncher (Formicid Gladiator)          Turns: 10353, Time: 00:19:35

Health: -13/77     AC: 10    Str: 35    XL:     10   Next: 3%
Magic:  10/15      EV: 11    Int: 21    God:    Cheibriados [*****.]
Gold:   388        SH:  5    Dex: 25    Spells: 9/9 levels left

rFire    + . .     SeeInvis +   e - +3 lajatang (venom)
rCold    . . .     Faith    .   (no shield)
rNeg     + . .     Spirit   .   g - +0 chain mail
rPois    .         Reflect  +   (helmet unavailable)
rElec    .         Harm     .   (no cloak)
rCorr    .         Rampage  .   (no gloves)
Will     +....                  (no boots)
Stlth    ..........             n - amulet of reflection
HPRegen  0.22/turn              f - ring of protection from fire
MPRegen  0.14/turn              A - ring of positive energy

@: very slow
A: permanent stasis, dig shafts and tunnels, antennae 3, four strong arms
a: Dig, Shaft Self, Renounce Religion, Bend Time, Temporal Distortion, Slouch,
Step From Time


You were on level 8 of the Dungeon.
You worshipped Cheibriados.
Cheibriados was extremely pleased with you.
You visited 2 branches of the dungeon, and saw 9 of its levels.

You collected 388 gold pieces.

Inventory:

Hand Weapons
 a - a +0 quarterstaff
 e - a +3 lajatang of venom (weapon)
 r - a +0 vorpal hand axe
Missiles
 c - 5 throwing nets (quivered)
 h - 8 javelins
Armour
 g - a +0 chain mail (worn)
 s - a +2 robe of resistance
Jewellery
 f - a ring of protection from fire (left hand)
 n - an amulet of reflection (around neck)
 A - a ring of positive energy (right hand)
Wands
 v - a wand of flame (22)
 w - a wand of digging (5)
 z - a wand of polymorph (9)
Scrolls
 q - a scroll of magic mapping
 y - a scroll of fear
Potions
 b - a potion of ambrosia {unknown}
 d - a potion of brilliance {unknown}
 i - 2 potions of flight
 j - 3 potions of heal wounds
 k - a potion of might
 l - 6 potions of curing
 m - a potion of lignification {unknown}
 o - a potion of degeneration {unknown}
 t - a potion of magic {unknown}
 u - 2 potions of resistance
 x - 2 potions of invisibility


   Skills:
 + Level 6.7 Fighting
 * Level 9.0 Staves
 - Level 2.0 Throwing
 + Level 6.1 Armour
 - Level 2.6 Dodging
 + Level 6.7 Invocations


You had 9 spell levels left.
You didn't know any spells.
Your spell library contained the following spells:

 Spells                   Type           Power      Damage    Failure   Level
 Animate Skeleton         Necr           0%         N/A       54%         1
 Apportation              Tloc           0%         N/A       54%         1
 Corona                   Hex            0%         N/A       54%         1
 Magic Dart               Conj           0%         1d3       54%         1
 Summon Small Mammal      Summ           0%         N/A       54%         1
 Searing Ray              Conj           0%         3d3       69%         2
 Conjure Flame            Conj/Fire      0%         6-21      89%         3
 Ignite Poison            Fire/Tmut/Pois 0%         N/A       89%         3
 Ozocubu's Armour         Ice            0%         N/A       89%         3
 Fulminant Prism          Conj/Hex       0%         3d6       100%        4
 Sticky Flame             Conj/Fire      0%         2d3       100%        4
 Metabolic Englaciation   Hex/Ice        0%         N/A       100%        5
 Simulacrum               Ice/Necr       0%         N/A       100%        6


Dungeon Overview and Level Annotations

Branches:
Dungeon (8/15)             Temple (1/1) D:7
   Lair: D:8-11

Altars:
Ashenzari
Cheibriados
Dithmenos
Fedhas
Gozag
Kikubaaqudgha
Makhleb
Nemelex Xobeh
Ru
Trog
Vehumet
Wu Jian
Xom
Zin
The Shining One

Shops:
D:1 *   D:4 *   D:6 :*

Annotations:
D:3 3 runed translucent doors, sakkuzi's ghost, amateur MiBe


Innate Abilities, Weirdness & Mutations

You cannot be hasted, slowed, berserked, paralysed or teleported.
You can dig through walls and to a lower floor.
You have a pair of large antennae on your head. (SInv)
Your four strong arms can wield two-handed weapons with a shield.


Message History

The steam dragon is almost dead.
You block the steam dragon's attack.
The steam dragon claws you but does no damage.
You slash the steam dragon!
You kill the steam dragon!
Cheibriados appreciates the change of pace.
Your Staves skill increases to level 9!
You have reached level 10!
Magic restored.
Things that are here:
a +0 battleaxe; a +0 robe
Things that are here:
a +0 flail; 20 stones; a gnoll corpse
Things that are here:
a +0 spear; a gnoll corpse
Things that are here:
a +0 flail; 20 stones; a gnoll corpse You see here a +0 spear.
Found 16 stones.
A two-headed ogre comes into view. It is wielding two +0 giant clubs.
The two-headed ogre shouts in stereo!
A two-headed ogre comes into view. It is wielding two +0 giant clubs.
You barely miss the two-headed ogre.
The two-headed ogre shouts in stereo!
The two-headed ogre barely misses you.
The two-headed ogre hits you with a +0 giant club!
You slash the two-headed ogre!
The two-headed ogre is moderately wounded.
You hit the two-headed ogre.
The two-headed ogre is poisoned.
The two-headed ogre is moderately wounded.
The two-headed ogre hits you with a +0 giant club!!
You block the two-headed ogre's attack.
The two-headed ogre hits you with a +0 giant club!
The two-headed ogre hits you with a +0 giant club.
* * * LOW HITPOINT WARNING * * *
You can feel time thicken for a moment.
The two-headed ogre hits you with a +0 giant club!
* * * LOW HITPOINT WARNING * * *
The two-headed ogre hits you with a +0 giant club!!
You die...

....≈.≈≈≈≈≈≈≈≈≈≈..≈†≈.
#......≈≈≈≈≈≈≈..≈.....
#.....≈≈≈≈≈≈≈......... ...
#.##...............#..
....#...........#..#...#..
.........(.)..###..#...#..
..(.##...##).###.........>
..........)....#..........
.........@).##.##........#
.........O.##............#
........O...##............
....(......)..............
...............)..........
...............)....#.###.
.........###.......#### #
#..$.....# #.†...###
.................#


You could see 2 two-headed ogres.

Vanquished Creatures
  2 trolls
  A steam dragon (D:8)
  2 water moccasins (D:7)
  An orc warrior (D:6)
  An ice beast (D:6)
  An ogre (D:5)
  4 wolves (D:8)
  2 bullfrogs
  A gnoll sergeant (D:7)
  A water moccasin zombie (D:7)
  A water moccasin skeleton (D:6)
  3 wights (D:8)
  An electric eel (D:8)
  A bullfrog zombie (D:6)
  A jelly (D:4)
  3 orc priests (D:7)
  A bullfrog skeleton (D:4)
  2 centaur skeletons
  6 hounds
  Jessica (D:2)
  2 iguanas
  3 orc wizards
  A howler monkey zombie (D:7)
  16 gnolls
  10 adders
  2 white imps (D:7)
  A worm (D:2)
  4 dart slugs
  31 orcs
  6 endoplasms
  3 giant cockroaches
  6 goblins
  8 hobgoblins
  13 jackals
  6 quokkas
  5 ball pythons
  A bat (D:2)
  3 frilled lizards
  6 kobolds
  20 rats
183 creatures vanquished.

Vanquished Creatures (collateral kills)
  An orc (D:5)
1 creature vanquished.

Vanquished Creatures (others)
  A wizard (D:4)
  2 gnolls (D:8)
3 creatures vanquished.

Grand Total: 187 creatures vanquished

Notes
Turn   | Place    | Note
-------+----------+-------------------------------------------
     0 | D:1      | Spaninq the Formicid Gladiator began the quest for the Orb.
     0 | D:1      | Reached XP level 1. HP: 16/16 MP: 1/1
   143 | D:1      | Found Qidaih's General Store.
   169 | D:1      | Reached XP level 2. HP: 16/23 MP: 2/2
   300 | D:1      | Found a faded altar of an unknown god.
   308 | D:1      | Became a worshipper of Cheibriados the Contemplative
   308 | D:1      | Reached * piety under Cheibriados
  1069 | D:2      | Found a blossoming altar of Fedhas.
  1081 | D:2      | Reached XP level 3. HP: 17/28 MP: 3/3
  1288 | D:2      | Reached skill level 1 in Invocations
  1625 | D:2      | Reached skill level 1 in Armour
  1716 | D:2      | Noticed Jessica
  1731 | D:2      | Killed Jessica
  1732 | D:2      | Reached skill level 4 in Staves
  1732 | D:2      | Reached XP level 4. HP: 12/35 MP: 3/5
  2153 | D:2      | Reached ** piety under Cheibriados
  2306 | D:2      | Reached XP level 5. HP: 10/41 MP: 6/6
  2956 | D:2      | Reached *** piety under Cheibriados
  3166 | D:3      | Found a runed translucent gate.
  3174 | D:3      | Found a runed translucent gate.
  3394 | D:2      | HP: 2/41 [gnoll (8)]
  3688 | D:3      | Found a runed translucent gate.
  3700 | D:3      | Noticed sakkuzi's ghost (amateur MiBe)
  3739 | D:3      | Found a radiant altar of Vehumet.
  3813 | D:3      | Reached XP level 6. HP: 45/47 MP: 7/7
  4391 | D:3      | Reached skill level 5 in Staves
  4607 | D:4      | Found a shimmering altar of Xom.
  4618 | D:4      | Reached **** piety under Cheibriados
  4793 | D:4      | Found Jajufril's CLEARANCE SALE! EVERYTHING MUST GO!.
  4889 | D:4      | Found a shadowy altar of Dithmenos.
  4950 | D:4      | Reached XP level 7. HP: 43/53 MP: 9/9
  5224 | D:4      | Found a bloodstained altar of Trog.
  5225 | D:4      | Noticed a wizard
  5229 | D:4      | Killed a wizard
  5367 | D:4      | Reached ***** piety under Cheibriados
  5651 | D:5      | Entered Level 5 of the Dungeon
  5728 | D:5      | Identified a scroll of acquirement
  5728 | D:5      | Acquired a +3 lajatang of venom
  6477 | D:5      | Reached skill level 6 in Staves
  6749 | D:6      | Found Yquqariym's Assorted Antiques.
  6780 | D:6      | Reached XP level 8. HP: 54/61 MP: 9/11
  6966 | D:6      | Found an opulent altar of Gozag.
  6968 | D:6      | Found Nueb's Book Emporium.
  7100 | D:6      | Noticed a troll
  7107 | D:6      | Killed a troll
  7108 | D:6      | Reached skill level 5 in Fighting
  7108 | D:6      | Reached skill level 7 in Staves
  7299 | D:6      | Reached skill level 5 in Invocations
  7857 | D:7      | Reached XP level 9. HP: 24/68 MP: 12/12
  8330 | D:7      | Reached skill level 5 in Armour
  8386 | D:7      | Found a staircase to the Ecumenical Temple.
  8395 | Temple   | Entered the Ecumenical Temple
  8615 | D:7      | Found an ornate altar of the Wu Jian Council.
  8989 | D:7      | Reached skill level 8 in Staves
  9701 | D:8      | Noticed a troll
  9706 | D:8      | Killed a troll
 10254 | D:8      | Reached skill level 9 in Staves
 10254 | D:8      | Reached XP level 10. HP: 59/77 MP: 13/15
 10345 | D:8      | Noticed a two-headed ogre
 10347 | D:8      | Noticed a two-headed ogre
 10353 | D:8      | Mangled by a two-headed ogre

Illustrated notes

Levels and vault maps discovered:
D:1:      dpeg_arrival_chambers_temple_mockup, layout_basic,
          ebering_ecumenical_altar_petrified, serial_shops, shop,
          minmay_pentomino_u2
D:2:      layout_basic, basic_altar, minmay_rat_hole, uniq_jessica
D:3:      layout_rooms, mainiacjoe_overflow_tiny_flanked, gammafunk_ghost_split,
          guppyfry_early_orc_mine
D:4:      layout_cave_pools, grunt_dithmenos_smoke_and_mirrors,
          lemuel_crystal_altar, trog_wizard, nicolae_shop_clearance
D:5:      layout_gridville
D:6:      layout_rooms, nicolae_gozag_seed_capital, serial_shops,
          nicolae_shop_statue_plus, nicolae_shop_crystal
D:7:      layout_layer_cave, general_overflow_altar,
          minmay_temple_entry_gardened_gates
D:8:      layout_cave_pools, dk_yredelemnul_ordeal,
          eat_drink_and_be_merry_uskayaw, led_sif_pool, erik_lair_island,
          centaur_isle
Temple:   compressed_dpeg_triangle_lava_temple

Skill      XL: |  1  2  3  4  5  6  7  8  9 |
---------------+----------------------------+-----
Invocations    | 1 2 3 4 5 6 |  6.7
Armour         | 1 2 3 4 6 |  6.1
Fighting       | 3 4 5 6 |  6.7
Staves         | 4 5 6 7 9 |  9.0
Throwing       | |  2.0
Dodging        | |  2.6

Action                   |  1- 3 |  4- 6 |  7- 9 | 10-12 || total
-------------------------+-------+-------+-------+-------++-------
Melee: Quarterstaff      |    61 |   264 |    58 |       ||   383
       Lajatang          |       |       |   165 |     3 ||   168
Invok: Bend Time         |       |     2 |       |       ||     2
       Slouch            |       |       |     1 |     1 ||     2
  Use: Potion            |       |     2 |     1 |       ||     3
       Scroll            |       |       |    11 |       ||    11
 Stab: Sleeping          |     1 |       |       |       ||     1
Armor: Leather armour    |    14 |    19 |       |       ||    33
       Scale mail        |       |    90 |    61 |       ||   151
       Chain mail        |       |       |    25 |       ||    25
Dodge: Dodged            |    38 |   207 |   168 |     1 ||   414
Block: Other             |       |       |    16 |     1 ||    17
